 Dungeon Crawl Stone Soup version 0.28-a0-1567-g1695149f81 (webtiles) character file.

Game seed: 14426210877213663775

1395286 ardl the Planerender (level 26, 219/219 HPs)
             Began as a Pale Draconian Wanderer on Jan 3, 2022.
             Was a High Priest of Hepliaklqana.
             Escaped with the Orb
             ... and 3 runes on Jan 19, 2022!
             The game lasted 05:40:01 (106110 turns).

ardl the Planerender (Pale Draconian Wanderer)    Turns: 106110, Time: 05:40:02

Health: 219/219    AC: 27    Str: 17    XL:     26   Next: 60%
Magic:  41/43      EV: 20    Int: 34    God:    Hepliaklqana [*****.]
Gold:   4280       SH: 18    Dex: 17    Spells: 1/58 levels left

rFire   + . .      SeeInvis .   b - +9 dagger (pain)
rCold   + + .      Faith    .   s - +5 kite shield {AC+3}
rNeg    . . .      Spirit   .   (armour unavailable)
rPois   +          Reflect  .   U - +2 hood of the Assassin {Detection Stab+ Stlth++}
rElec   .          Harm     .   u - +2 cloak {rPois}
rCorr   .          Rampage  .   P - +3 pair of gloves "Eciehoof" {Contam Will+ Int+9 Dex+3}
Will    +++..                   x - +2 pair of boots
Stlth   ++........              f - amulet of regeneration
HPRegen 1.26/turn               k - ring "Bahep" {rF+ rC++}
MPRegen 0.28/turn               G - ring "Oxaner" {rPois Will+ Int+6}

@: studying 2 skills
A: reduced essence, breathe steam, AC +12, unfitting armour, cold-blooded, steam
resistance, wild magic 1
0: Orb of Zot
}: 3/15 runes: decaying, silver, gossamer
a: Breathe Steam, Renounce Religion, Recall Ancestor, Ancestor Identity,
Transference, Idealise


You escaped.
You worshipped Hepliaklqana.
Hepliaklqana was extremely pleased with you.
You visited 11 branches of the dungeon, and saw 52 of its levels.
You visited 1 bazaar.
You also visited: Bailey, Gauntlet, Ice Cave and Desolation.

You collected 8444 gold pieces.
You spent 4164 gold pieces at shops.

Inventory:

Hand Weapons
 a - the +3 war axe "Glorpo" {spect, rF+ rC+, !a}
   (You found it on level 2 of the Dungeon)

   When its wielder attacks, the weapon's spirit leaps out and strikes again.
   The spirit shares a part of any damage it takes with its wielder.
   rF:        It protects you from fire.
   rC:        It protects you from cold.
 b - a +9 dagger of pain (weapon)
 c - the +11 rapier of World Downfall {vamp, Dex+3}
   (You found it on level 1 of the Vaults)

   It occasionally heals its wielder for a portion of the damage dealt when it
   wounds a living foe.
   Dex:       It affects your dexterity (+3).
Missiles
 r - 9 javelins
 H - 2 throwing nets
 I - 8 datura-tipped darts
 J - 26 curare-tipped darts
Armour
 s - a +5 kite shield of protection (worn)
 u - a +2 cloak of poison resistance (worn)
 v - the +1 buckler "Qontolem" {Fly rN+ Will++}
   (You bought it in a shop in a bazaar)

   rN:        It protects you from negative energy.
   Fly:       It grants you flight.
   Will:      It greatly increases your willpower.
 x - a +2 pair of boots (worn)
 P - the +3 pair of gloves "Eciehoof" (worn) {Contam Will+ Int+9 Dex+3}
   (You found it on level 3 of the Vaults)

   Int:       It affects your intelligence (+9).
   Dex:       It affects your dexterity (+3).
   Contam:    It causes magical contamination when unequipped.
   Will:      It increases your willpower.
 U - the +2 hood of the Assassin (worn) {Detection Stab+ Stlth++}
   (You found it on level 3 of the Depths)

   It allows the wearer to sense nearby creatures.
   It allows the wearer to make particularly effective stabbing attacks against
   helpless or unaware enemies with any weapon.
   Stlth:     It makes you much more stealthy.
Jewellery
 f - an amulet of regeneration (around neck)
 k - the ring "Bahep" (left hand) {rF+ rC++}
   (You found it in the Desolation of Salt)

   [ring of protection from fire]

   rF:        It protects you from fire.
   rC:        It greatly protects you from cold.
 o - the ring "Hyom" {+Blink rN+ Str+6 Int+4 Slay+4}
   (You took it off a deep elf demonologist on level 3 of the Elven Halls)

   [ring of strength]

   Str:       It affects your strength (+6).
   Int:       It affects your intelligence (+4).
   Slay:      It affects your accuracy & damage with ranged weapons and melee
   (+4).
   rN:        It protects you from negative energy.
   +Blink:    It lets you blink.
 G - the ring "Oxaner" (right hand) {rPois Will+ Int+6}
   (You found it in the Desolation of Salt)

   [ring of intelligence]

   Int:       It affects your intelligence (+6).
   rPois:     It protects you from poison.
   Will:      It increases your willpower.
Wands
 D - a wand of digging (30)
 K - a wand of acid (29)
 Q - a wand of polymorph (13)
 V - a wand of paralysis (35)
 W - a wand of charming (13)
 X - a wand of iceblast (59)
Scrolls
 e - 3 scrolls of amnesia
 g - 6 scrolls of fear
 j - 6 scrolls of holy word
 t - 14 scrolls of teleportation
 w - 7 scrolls of vulnerability
 y - 7 scrolls of immolation
 A - 3 scrolls of summoning
 B - 10 scrolls of blinking
 M - 11 scrolls of fog
Potions
 d - 9 potions of might
 h - 6 potions of haste
 i - 3 potions of cancellation
 l - 7 potions of heal wounds
 m - 3 potions of invisibility
 n - 6 potions of resistance
 p - 10 potions of mutation
 q - 20 potions of curing
 z - 8 potions of lignification
 C - 7 potions of brilliance
 E - 5 potions of magic
 O - 4 potions of berserk rage
 T - 5 potions of ambrosia
 Z - 6 potions of attraction
Miscellaneous
 F - a phantom mirror
 N - a tin of tremorstones (2/2)
 R - a phial of floods
 S - a box of beasts
 Y - a condenser vane


   Skills:
 - Level 21.0 Fighting
 - Level 10.0 Short Blades
 - Level 1.7 Crossbows
 - Level 14.9 Dodging
 - Level 3.0 Stealth
 - Level 12.0 Shields
 - Level 16.5 Spellcasting
 - Level 5.0 Hexes
 O Level 27 Summonings
 + Level 20.0 Necromancy
 - Level 8.0 Translocations
 - Level 4.0 Ice Magic
 - Level 6.0 Earth Magic
 - Level 10.0 Invocations
 - Level 7.0 Evocations


You had one spell level left.
You knew the following spells:

 Your Spells              Type           Power      Damage    Failure   Level
a - Borgnjor's Vile Clut  Necr/Erth      50%        N/A       1%          5
b - Death Channel         Necr           59%        N/A       1%          6
c - Malign Gateway        Summ/Tloc      56%        N/A       3%          7
d - Summon Mana Viper     Hex/Summ       100%       N/A       1%          5
e - Haunt                 Necr/Summ      63%        N/A       1%          7
f - Summon Horrible Thin  Summ           67%        N/A       1%          8
g - Dragon's Call         Summ           67%        N/A       7%          9
m - Sublimation of Blood  Necr           100%       N/A       1%          2
R - Borgnjor's Revivific  Necr           59%        N/A       8%          8

Your spell library contained the following spells:

 Spells                   Type           Power      Damage    Failure   Level
 Animate Skeleton         Necr           100%       N/A       1%          1
 Apportation              Tloc           100%       N/A       1%          1
 Freeze                   Ice            100%       1d11      1%          1
 Summon Small Mammal      Summ           100%       N/A       1%          1
 Beastly Appendage        Tmut           72%        N/A       4%          1
 Foxfire                  Conj/Fire      100%       2x1d9     4%          1
 Magic Dart               Conj           100%       1d8       4%          1
 Shock                    Conj/Air       100%       1d9       4%          1
 Sting                    Tmut/Pois      100%       1d8       4%          1
 Blink                    Tloc           100%       N/A       1%          2
 Corpse Rot               Necr/Air       100%       N/A       1%          2
 Call Canine Familiar     Summ           100%       N/A       1%          3
 Gell's Gravitas          Tloc           82%        N/A       1%          3
 Lesser Beckoning         Tloc           82%        N/A       1%          3
 Portal Projectile        Hex/Tloc       100%       N/A       1%          3
 Summon Guardian Golem    Hex/Summ       100%       N/A       1%          3
 Teleport Other           Tloc           82%        N/A       1%          3
 Vampiric Draining        Necr           100%       2d13      1%          3
 Animate Dead             Necr           59%        N/A       1%          4
 Dispel Undead            Necr           100%       3d31      1%          4
 Summon Ice Beast         Ice/Summ       100%       N/A       1%          4
 Summon Lightning Spire   Summ/Air       100%       N/A       1%          4
 Excruciating Wounds      Necr           59%        N/A       1%          5
 Summon Forest            Summ/Tloc      56%        N/A       1%          5
 Monstrous Menagerie      Summ           67%        N/A       1%          7
 Summon Hydra             Summ           67%        N/A       1%          7
 Confusing Touch          Hex            69%        N/A       2%          3
 Tukima's Dance           Hex            69%        N/A       2%          3
 Passage of Golubria      Tloc           82%        N/A       2%          4
 Frozen Ramparts          Ice            100%       1d12      3%          3
 Stone Arrow              Conj/Erth      100%       3d13      4%          3
 Inner Flame              Hex/Fire       55%        N/A       5%          3
 Leda's Liquefaction      Hex/Erth       35%        N/A       5%          4
 Manifold Assault         Tloc           82%        N/A       5%          5
 Simulacrum               Ice/Necr       48%        N/A       5%          6
 Cause Fear               Hex            34%        N/A       6%          4
 Poisonous Vapours        Pois/Air       72%        N/A       7%          2
 Searing Ray              Conj           72%        2d7       7%          2
 Static Discharge         Conj/Air       36%        N/A       7%          2
 Wereblood                Tmut           36%        N/A       7%          2
 Lee's Rapid Deconstruct  Erth           37%        3d19*     11%         5
 Conjure Flame            Conj/Fire      36%        6-21      13%         3
 Ignite Poison            Fire/Tmut/Pois 36%        N/A       13%         3
 Mephitic Cloud           Conj/Pois/Air  36%        N/A       13%         3
 Spider Form              Tmut/Pois      36%        N/A       13%         3
 Swiftness                Air            36%        N/A       13%         3
 Petrify                  Tmut/Erth      58%        N/A       13%         4
 Fulminant Prism          Conj/Hex       27%        3d14      14%         4
 Spellforged Servitor     Conj/Summ      51%        N/A       14%         7
 Hailstorm                Conj/Ice       52%        3d12      17%         4
 Metabolic Englaciation   Hex/Ice        33%        N/A       17%         5
 Dispersal                Tloc           41%        N/A       22%         6
 Airstrike                Air            18%        N/A       36%         4
 Flame Wave               Conj/Fire      36%        2d7       36%         4
 Olgreb's Toxic Radiance  Pois           36%        N/A       36%         4
 Sticky Flame             Conj/Fire      36%        2d6       36%         4
 Silence                  Hex/Air        27%        N/A       36%         5
 Yara's Violent Unravell  Hex/Tmut       27%        3d12      36%         5
 Freezing Cloud           Conj/Ice/Air   24%        6-21      50%         5
 Death's Door             Necr           59%        N/A       67%         9
 Alistair's Intoxication  Tmut/Pois      24%        N/A       69%         5
 Blade Hands              Tmut           18%        N/A       69%         5
 Fireball                 Conj/Fire      18%        3d9       69%         5
 Irradiate                Conj/Tmut      18%        3d19      69%         5
 Iskenderun's Battlesphe  Conj           36%        2d9       69%         5
 Lightning Bolt           Conj/Air       18%        1d32      69%         5
 Iron Shot                Conj/Erth      29%        9d6       83%         6
 Statue Form              Tmut/Erth      38%        N/A       83%         6
 Enfeeble                 Hex            34%        N/A       98%         7
 Conjure Ball Lightning   Conj/Air       18%        3x3d6     99%         6
 Eringya's Noxious Bog    Tmut/Pois      18%        N/A       99%         6
 Starburst                Conj/Fire      18%        6d7       99%         6
 Ozocubu's Refrigeration  Ice            32%        4d11      99%         7
 Dragon Form              Tmut           18%        N/A       100%        7
 Orb of Destruction       Conj           18%        9d8       100%        7
 Storm Form               Tmut/Air       18%        N/A       100%        7
 Discord                  Hex            34%        N/A       100%        8
 Disjunction              Tloc           41%        N/A       100%        8
 Ignition                 Fire           18%        3d7       100%        8
 Lehudib's Crystal Spear  Conj/Erth      29%        10d8      100%        8
 Maxwell's Capacitive Co  Air            18%        ∞         100%        8
 Polar Vortex             Ice            32%        N/A       100%        9


Dungeon Overview and Level Annotations

Branches:
Dungeon (15/15)            Temple (1/1) D:4            Lair (6/6) D:9
  Swamp (4/4) Lair:2       Spider (4/4) Lair:3        Slime (0/5) Lair:6
    Orc (2/2) D:12            Elf (3/3) Orc:2        Vaults (5/5) D:13
  Crypt (3/3) Vaults:2       Tomb (0/3) Crypt:3      Depths (4/4) D:15
    Zot (5/5) Depths:4     Bailey (visited)           IceCv (visited)
Desolation (visited)      Gauntlet (visited)

Altars:
Ashenzari
Cheibriados
Dithmenos
Elyvilon
Fedhas
Gozag
Hepliaklqana
Kikubaaqudgha
Makhleb
Nemelex Xobeh
Okawaru
Qazlal
Ru
Sif Muna
Trog
Uskayaw
Vehumet
Wu Jian
Xom
Yredelemnul
Zin
The Shining One
Beogh
Lugonu

Shops:
D:3 ?=:([   D:9 (   Orc:1 :   Orc:2 ?!:(   Elf:1 [:?[[   Vaults:1 (
Vaults:2 [   Vaults:5 :   Depths:3 (   Depths:4 *

Portals:
Hell: Depths:1 Depths:2 Depths:3 Depths:4
Abyss: Lair:6 Depths:1 Depths:2 Depths:3
Pandemonium: Depths:2
Ziggurat: Depths:2

Annotations:
Elf:2 3 runed translucent doors, exclusion: deep elf master archer


Innate Abilities, Weirdness & Mutations

Your life essence is reduced to manifest your ancestor. (-10% HP)
You can breathe blasts of scalding, opaque steam.
Your pale cyan-grey scales are hard. (AC +12)
You cannot fit into any form of body armour.
You are cold-blooded and may be slowed by cold attacks.
You are immune to the effects of steam.
Your spells are a little harder to cast, but a little more powerful.


Message History

You regained 4 hp, and now have 173/219 hp.
(D) Dungeon (T) Temple (L) Lair (S) Swamp (N) Spider Nest (M) Slime Pits (O) Orcish Mines (E) Elven Halls (V) Vaults (C) Crypt (W) Tomb (U) Depths (H) Hell (Z) Zot
Where to? (Enter - D:1 @ (x,y), ? - help)
There is a stone staircase leading up here.
You climb upwards.
There is a stone staircase leading down here.
You swap places.
There is a stone staircase leading up here.
You climb upwards.
There is a stone staircase leading down here.
There is a stone staircase leading up here.
You climb upwards.
There is a stone staircase leading down here.
A large abomination comes into view.
Health restored: 219 A rock wall.
This square is covered in magical glow.
The rock shatters into small pieces.
You enter the shallow water.
Moving in this stuff is going to be slow.
Your unstable footing causes you to fumble your attack.
Arbl hits the plant with a +0 broad axe of speed!!
The plant begins to die.
Arbl hits the plant with a +0 broad axe of speed!!
Arbl hits the plant with a +0 broad axe of speed!
Arbl hits the plant with a +0 broad axe of speed!
Arbl hits the plant with a +0 broad axe of speed!! x2
A nearby plant withers and dies.
You see here a +0 leather armour.
You enter the shallow water.
Moving in this stuff is going to be slow.
There is an open door here.
There is a staircase leading out of the dungeon here.
Arbl is recalled.
You now have 41/43 mp.
Unknown command.
You have escaped!

≈P♣≈≈♣♣♣≈≈♣♣≈#.......#.#.#######.
≈♣P≈≈♣P♣≈≈..≈#.....#.#.#.#### #.
≈♣♣≈≈P♣P≈≈.♣≈#######.#.#..).####.
≈♣P≈≈PPP≈≈♣♣≈# #..........'....
≈.P≈≈♣♣P≈≈♣♣≈# #..........#####
≈♣♣≈≈≈≈≈≈≈P♣≈#####........†.####
≈.P≈.....≈P♣≈#...###..#........#
≈≈≈≈[###.≈≈≈≈#.R.# #..#........#
.....#§#.....'..@# #..#........#
≈≈≈≈.###.≈≈≈≈#...# #...........#
≈P.≈.....≈♣P≈#...# #.#.........##
≈P♣≈≈≈≈≈≈≈PP≈##### #.#..........#
≈P♣≈≈♣P♣≈≈P♣≈# #.#..........#
≈.P≈≈♣PP≈≈P.≈# #.##.........#
≈♣♣≈≈.P♣≈≈.♣≈# #.##.........#
≈.♣≈≈♣♣♣≈≈.♣≈# #.##.........#
≈♣.≈≈♣PP≈≈♣♣≈# #.##.........#


You could see the friendly arbl the knight.

Vanquished Creatures
  A dread lich (Zot:5)
  2 Killer Klowns (Zot:5)
  A curse toe (Zot:3)
  A golden dragon (Zot:4)
  3 tentacled monstrosities
  5 Orb Guardians (Zot:5)
  A titan (Vaults:5)
  An ancient champion (Crypt:2)
  A shadow dragon (Depths:3)
  A tengu reaver (Vaults:5)
  2 storm dragons (Zot:4)
  A draconian knight (Zot:5)
  A revenant (Crypt:3)
  An orc warlord (Vaults:4)
  A vault warden (Vaults:4)
  2 balrugs
  A draconian scorcher (Zot:5)
  A curse skull (Crypt:2)
  A draconian shifter (Zot:4)
  2 draconian annihilators
  A draconian stormcaller (Zot:2)
  6 very ugly things (Zot:1)
  4 ironbound preservers
  2 stone giants
  An ironbound thunderhulk (Vaults:1)
  A vampire knight (Crypt:2)
  3 green draconians
  3 black draconians (Zot:1)
  3 yellow draconians
  A deep elf demonologist (Elf:3)
  4 spark wasps
  3 dire elephants
  3 white draconians
  4 red draconians
  A purple draconian (Zot:4)
  An eidolon (Crypt:2)
  An ettin (Depths:1)
  A merfolk impaler (Depths:3)
  3 yaktaur captains
  An ice dragon (Depths:4)
  A vault guard (Vaults:5)
  A catoblepas (Lair:1)
  3 centaur warriors
  A hydra (Swamp:4)
  A boulder beetle (D:13)
  2 dancing weapons (Elf:2)
  A two-headed ogre (D:8)
  A deep troll shaman (Depths:1)
  2 death yaks
  2 deep elf knights (Elf:3)
  2 hell knights
  2 shadow wraiths (Crypt:3)
  3 skeletal warriors
  A quicksilver dragon simulacrum (Depths:2)
  6 deep trolls
  A flayed ghost (Vaults:5)
  A glowing orange brain (Depths:2)
  2 shadow demons (Depths:3)
  A steelbarb worm (shapeshifter) (Depths:3)
  A bog body (Crypt:2)
  2 swamp dragons
  3 deep elf archers
  2 ironbound convokers
  6 deep elf zephyrmancers
  2 deep elf pyromancers (Elf:2)
  A harpy (Vaults:3)
  A necromancer (Vaults:1)
  3 phantasmal warriors
  4 orc knights
  A tengu skeleton (Crypt:1)
  2 wolf spiders (Spider:2)
  An oklob plant (Spider:4)
  An elephant (Lair:4)
  A guardian serpent (Desolation)
  5 moths of wrath
  A demonic crawler (Spider:3)
  A yaktaur zombie (Vaults:4)
  3 yaktaurs
  A guardian mummy (Crypt:2)
  A troll (Orc:2)
  2 meliai
  4 tarantellas
  2 saltlings (Desolation)
  3 blink frogs
  A harpy skeleton (Crypt:1)
  A slime creature (Vaults:3)
  2 stone giant simulacra (Vaults:4)
  A ynoxinul (Lair:6)
  3 jumping spiders
  A centaur simulacrum (D:14)
  A spriggan (Depths:2)
  A vampire (D:6)
  4 nameless horrors
  A shadow (Gauntlet)
  2 yaks
  A wyvern (Lair:5)
  3 redbacks
  2 steam dragons
  A death yak simulacrum (IceCv)
  A yaktaur simulacrum (Vaults:4)
  A swamp worm (Swamp:2)
  3 acid dragons (Spider:4)
  2 water moccasins (Lair:6)
  An ice beast (D:6)
  2 orc warriors
  2 necrophages
  A wolf (D:9)
  2 boggarts (Vaults:3)
  5 centaurs
  A lemure (D:9)
  2 kobold brigands
  A bullfrog (Lair:4)
  2 water moccasin zombies (D:5)
  A cane toad simulacrum (D:12)
  2 killer bees
  A wolf zombie (Crypt:3)
  A howler monkey (D:6)
  4 centaur zombies
  A gnoll shaman (D:8)
  2 hounds
  5 orc priests
  A jelly (D:4)
  A bullfrog skeleton (D:3)
  An iguana (D:5)
  3 orc wizards
  2 spriggan simulacra (IceCv)
  A dwarf skeleton (Crypt:1)
  A mummy (Crypt:2)
  A howler monkey zombie (D:10)
  4 gnolls
  5 adders
  3 naga simulacra (IceCv)
  A shadow imp (D:6)
  3 white imps (IceCv)
  An ufetubus (IceCv)
  3 worms
  3 dart slugs
  14 orcs
  5 endoplasms
  3 giant cockroaches (D:1)
  6 goblins
  5 hobgoblins
  3 jackals (D:2)
  14 kobolds
  8 ball pythons
  6 bats
  2 frilled lizards
  5 rats
338 creatures vanquished.

Vanquished Creatures (collateral kills)
  3 orbs of fire (Zot:5)
  4 dread liches (Vaults:5)
  3 ancient liches
  Mara (Vaults:3)
  Sojobo (Vaults:3)
  Margery (Crypt:3)
  Frederick (Vaults:4)
  2 Killer Klowns (Zot:5)
  A curse toe (Zot:3)
  Jory (Vaults:5)
  2 golden dragons
  Arachne (Spider:4)
  Jorgrun (Elf:1)
  A Tzitzimitl (Depths:3)
  8 tentacled monstrosities
  5 electric golems
  3 liches
  18 Orb Guardians (Zot:5)
  2 deep elf blademasters (Elf:3)
  5 titans
  2 acid blobs
  3 quicksilver dragons
  2 ancient champions (Crypt:2)
  2 death cobs
  A deep elf master archer (Elf:3)
  5 sphinxes
  3 eldritch tentacles
  2 thorn hunters
  10 shadow dragons
  3 fenstrider witches
  3 draconian monks
  5 fire giants
  8 tengu reavers
  7 frost giants
  5 revenants
  4 storm dragons
  Roxanne (Spider:3)
  The ghost of rogsnak the Eclecticist, an adept DsAE of Sif Muna (Spider:3)
  4 iron dragons
  2 imperial myrmidons (Desolation)
  A draconian knight (Zot:4)
  2 orc warlords
  3 draconian scorchers
  10 deep elf sorcerers
  7 emperor scorpions
  12 vault wardens
  8 ghost moths
  The ghost of Obially the Blocker, a journeyman GnFi of Cheibriados (Lair:6)
  Aizul (Swamp:2)
  2 broodmothers
  A draconian shifter (Zot:5)
  2 reapers
  12 ghouls
  10 stone giants
  3 war gargoyles (Vaults:5)
  A draconian stormcaller (Depths:4)
  3 deep elf elementalists (Elf:3)
  21 very ugly things
  A caustic shrike skeleton (Crypt:3)
  15 ironbound preservers
  2 draconian annihilators
  Nessos (Lair:4)
  10 vampire knights
  8 ironbound thunderhulks
  4 deep elf demonologists
  9 yellow draconians
  4 eleionomae
  4 black draconians
  8 deep elf annihilators
  7 bunyips
  2 white draconians
  7 green draconians
  Azrael (D:15)
  10 entropy weavers
  10 purple draconians
  5 spark wasps
  A spectral titan (Crypt:3)
  3 halazid warlocks (Desolation)
  9 red draconians
  17 dire elephants
  10 eidola
  A minotaur (Gauntlet)
  14 ettins
  A green death (Zot:1)
  11 deep elf death magi
  A mummy priest (Crypt:3)
  A merfolk impaler (Depths:3)
  A shambling mangrove (Swamp:4)
  15 yaktaur captains
  Josephine (Orc:1)
  10 fire dragons
  4 jiangshi
  3 spectral quicksilver dragons (Crypt:3)
  10 ragged hierophants (Desolation)
  5 servants of whispers (Desolation)
  4 great orbs of eyes
  5 deep elf high priests (Elf:3)
  2 crystal guardians (Vaults:4)
  3 spectral spriggans (Crypt:3)
  Erolcha (Orc:1)
  3 jorogumos
  Harold (D:9)
  3 rakshasas
  5 ice dragons
  2 ogre magi
  4 boulder beetles
  23 hydras
  4 spriggan air magi
  A radroach (Spider:4)
  9 peacekeepers
  30 vault guards
  A ghost crab (Swamp:2)
  2 hell beasts
  9 ironbound frosthearts
  9 alligators
  3 death knights
  17 centaur warriors
  11 two-headed ogres
  5 tengu warriors
  A two-headed ogre (shapeshifter) (Vaults:5)
  A spectral stone giant (Crypt:3)
  A fenstrider witch skeleton (Crypt:1)
  18 dancing weapons
  2 titan zombies
  10 vampire magi
  4 deep troll earth magi
  10 death yaks
  3 thrashing horrors (Lair:6)
  A spectral storm dragon (Crypt:3)
  5 deep troll shamans
  A spriggan berserker (Depths:2)
  2 spectral nagas (Crypt:3)
  A spectral emperor scorpion (Crypt:3)
  4 orc high priests
  Urug (Lair:6)
  12 hell knights
  12 deep elf knights
  13 shadow wraiths
  A soul eater (Crypt:2)
  A storm dragon skeleton (Depths:2)
  16 skeletal warriors
  3 pharaoh ants
  6 goliath frogs
  2 sun moths
  4 iron trolls
  6 steelbarb worms
  8 spriggan druids
  9 orb spiders
  A shadow demon (Depths:3)
  An anaconda zombie (Crypt:3)
  76 deep trolls
  2 spriggan simulacra (Crypt:3)
  5 glowing orange brains
  7 flayed ghosts
  9 swamp dragons
  A deep troll (shapeshifter) (Depths:3)
  22 phantasmal warriors
  An orb spider (shapeshifter) (Vaults:5)
  6 bog bodies
  A spectral hydra (Crypt:3)
  An orange crystal statue (Crypt:2)
  Pikel (D:9)
  7 deep elf archers
  5 orc knights
  7 necromancers
  9 wizards
  17 harpies
  21 deep elf pyromancers
  20 deep elf zephyrmancers
  5 orc sorcerers (Orc:2)
  A frost giant zombie (Depths:2)
  22 ugly things
  6 lindwurms
  An iron dragon zombie (Crypt:2)
  27 wolf spiders
  30 ironbound convokers
  5 manticores
  A cyclops (shapeshifter) (Vaults:5)
  5 cyclopes
  6 will-o-the-wisps
  3 spectral centaurs (Crypt:3)
  2 fire giant zombies
  A faun (shapeshifter) (Vaults:5)
  12 moths of wrath
  11 vault sentinels
  9 elephants
  A stone giant zombie (Crypt:1)
  A frost giant skeleton (Crypt:2)
  An eye of devastation (Lair:6)
  5 molten gargoyles (Desolation)
  5 torpor snails
  4 black mambas
  A stone giant skeleton (Vaults:1)
  8 guardian serpents (Desolation)
  2 smoke demons (Lair:6)
  2 ice statues
  A storm dragon simulacrum (Crypt:3)
  A titan simulacrum (Crypt:3)
  11 cane toads
  3 gargoyles
  2 red draconian zombies (Crypt:2)
  A yaktaur zombie (Vaults:4)
  5 demonic crawlers
  An iron troll zombie (Crypt:1)
  4 kobold demonologists
  11 komodo dragons
  6 rime drakes
  A black draconian zombie (Crypt:3)
  2 efreet
  2 unseen horrors
  28 yaktaurs
  A redback zombie (D:15)
  2 ancient zymes (Lair:6)
  16 freezing wraiths
  2 spectral harpies (Crypt:3)
  9 guardian mummies
  2 ice devils
  A minotaur skeleton (Crypt:1)
  A pale draconian skeleton (Crypt:3)
  2 anaconda simulacra (IceCv)
  6 tyrant leeches
  7 trolls
  12 hornets
  5 polar bears
  A troll (shapeshifter) (Depths:2)
  10 meliai
  52 saltlings (Desolation)
  22 tarantellas
  11 dream sheep
  A spectral swamp dragon (Crypt:3)
  A snapping turtle (shapeshifter) (D:15)
  An ettin zombie (Vaults:4)
  13 blink frogs
  25 slime creatures
  12 wraiths
  44 jumping spiders
  Sigmund (D:2)
  2 ynoxinuls (Lair:6)
  2 jumping spiders (shapeshifter)
  6 shadows
  16 culicivoras
  A wyvern (D:10)
  A dire elephant simulacrum (IceCv)
  13 spriggans
  5 air elementals
  An elf zombie (Vaults:1)
  2 vampires
  9 water elementals
  A human (D:8)
  4 basilisks
  A death yak simulacrum (IceCv)
  53 yaks
  7 fire elementals
  62 redbacks
  6 vampire mosquitoes
  A chaos spawn (Lair:6)
  4 hogs (D:8)
  A human (shapeshifter) (Vaults:5)
  An elf simulacrum (Vaults:4)
  4 wargs
  A two-headed ogre zombie (Crypt:2)
  3 harpy simulacra
  4 acid dragons
  12 swamp worms
  3 large abominations (Lair:6)
  2 floating eyes (shapeshifter)
  An ogre skeleton (Vaults:1)
  13 water moccasins
  2 hell hounds (D:15)
  4 floating eyes
  19 orc warriors
  7 swamp drakes
  A faun skeleton (Crypt:2)
  A sky beast (shapeshifter) (Vaults:5)
  4 black bears
  10 ogres
  A black mamba simulacrum (Crypt:3)
  2 sky beasts
  An ice beast (D:5)
  6 boggarts
  3 necrophages
  A snapping turtle skeleton (Crypt:2)
  14 wolves
  5 centaurs
  A dream sheep skeleton (Crypt:2)
  3 lemures (D:9)
  5 kobold brigands (Bailey)
  4 bullfrogs
  2 earth elementals
  6 two-headed ogre simulacra (IceCv)
  A cane toad simulacrum (IceCv)
  A water moccasin zombie (D:6)
  A knight (IceCv)
  A wyvern skeleton (D:7)
  2 elephant simulacra (IceCv)
  5 killer bees
  9 electric eels
  A spriggan skeleton (Crypt:2)
  A bullfrog zombie (Crypt:3)
  11 centaur zombies
  10 small abominations (Lair:6)
  9 orc priests
  A centaur skeleton (D:7)
  3 hounds (D:9)
  3 iguanas
  13 orc wizards
  5 troll simulacra
  3 polar bear simulacra
  A wolf simulacrum (IceCv)
  A dwarf zombie (Crypt:2)
  10 nameless horrors
  A deep dwarf zombie (Crypt:3)
  A tengu zombie (Crypt:1)
  A deep dwarf skeleton (Crypt:1)
  2 felid skeletons
  5 mummies
  8 gnolls
  7 naga simulacra (IceCv)
  An adder (D:5)
  A swamp drake skeleton (Crypt:3)
  A shadow imp (D:6)
  4 white imps (IceCv)
  An ufetubus (IceCv)
  39 orcs
  An endoplasm (D:4)
  4 goblins
  3 jackals (D:4)
  15 kobolds
  A quokka (D:4)
  A goblin zombie (Crypt:3)
  3 briar patches (Swamp:3)
  2 bushes (Lair:1)
2052 creatures vanquished.

Vanquished Creatures (others)
  28 eldritch tentacles
  2 vault wardens (Vaults:5)
  A stone giant (Depths:2)
  A deep elf demonologist (Elf:3)
  A yaktaur captain (Vaults:2)
  2 centaur warriors
  A tengu warrior (Depths:4)
  A nameless horror (Vaults:2)
  2 deep elf archers (Elf:1)
  A wizard (Vaults:4)
  3 yaktaurs
  4 bloated husks
  A tarantella (Spider:1)
  2 water elementals (Elf:2)
  An ancestor (D:6)
  41 knights
  An orc (Orc:2)
  A bush (Lair:1)
  16 foxfires
  44 fungi
  162 plants
  8 snaplasher vines
  13 toadstools (Swamp:2)
  2 withered plants (D:15)
339 creatures vanquished.

Grand Total: 2729 creatures vanquished

Notes
Turn   | Place    | Note
-------+----------+-------------------------------------------
     0 | D:1      | ardl the Draconian Wanderer began the quest for the Orb.
     0 | D:1      | ardl set off with the following items: a +2 short sword, a
                  | +0 hand crossbow, 28 bolts, a +0 cloak
     0 | D:1      | Reached XP level 1. HP: 16/16 MP: 2/2
   113 | D:1      | Reached XP level 2. HP: 25/25 MP: 3/3
   823 | D:1      | Reached XP level 3. HP: 30/31 MP: 4/4
  1113 | D:2      | Noticed a necrophage
  1131 | D:2      | Killed a necrophage
  1132 | D:2      | Reached skill level 2 in Summonings
  1132 | D:2      | Reached XP level 4. HP: 30/40 MP: 5/5
  1305 | D:2      | Learned a level 1 spell: Summon Small Mammal
  1356 | D:2      | Reached skill level 3 in Summonings
  1469 | D:2      | Reached XP level 5. HP: 46/46 MP: 3/6
  1503 | D:2      | Identified the +3 war axe "Glorpo" {spect, rF+ rC+}
  1572 | D:2      | Noticed Sigmund
  1940 | D:2      | Found a faded altar of an unknown god.
  2186 | D:3      | Found Koghab's Weapon Boutique.
  2197 | D:3      | Found Sahasham's Armour Shop.
  2307 | D:3      | Found Kuicedio's Book Shoppe.
  2465 | D:3      | Found Lyassas's Magic Scroll Boutique.
  2531 | D:3      | Bought a scroll of enchant weapon for 75 gold pieces
  2534 | D:3      | Found Xuby's Jewellery Emporium.
  2567 | D:3      | Reached skill level 4 in Summonings
  2571 | D:3      | Learned a level 3 spell: Call Canine Familiar
  3154 | D:4      | Reached XP level 6. HP: 50/52 MP: 7/7
  3329 | D:4      | Found a staircase to the Ecumenical Temple.
  3345 | Temple   | Entered the Ecumenical Temple
  3542 | Temple   | Became a worshipper of Hepliaklqana the Forgotten
  3659 | D:4      | Reached skill level 5 in Summonings
  4440 | D:5      | Entered Level 5 of the Dungeon
  4482 | D:5      | Reached * piety under Hepliaklqana
  4675 | D:5      | Your scales start taking on a pale cyan-grey colour.
  4675 | D:5      | Reached XP level 7. HP: 49/53 MP: 5/10
  4675 | D:5      | Gained mutation: You are immune to the effects of steam.
                  | [Pale Draconian growth]
  4878 | D:5      | Found a broken altar of Ashenzari.
  4970 | D:5      | Reached skill level 6 in Summonings
  5117 | D:5      | Reached skill level 5 in Fighting
  5501 | D:6      | Reached ** piety under Hepliaklqana
  5502 | D:6      | Remembered your ancestor arbl as a knight
  5688 | D:6      | Noticed a steam dragon
  5691 | D:6      | Reached skill level 7 in Summonings
  5698 | D:6      | Killed a steam dragon
  5699 | D:6      | Reached XP level 8. HP: 59/61 MP: 7/11
  5806 | D:6      | Found a glowing golden altar of the Shining One.
  5841 | D:6      | Reached skill level 8 in Summonings
  5926 | D:5      | Found a sacrificial altar of Ru.
  6027 | D:5      | Identified a scroll of acquirement
  6027 | D:5      | Acquired a book of Beasts
  6034 | D:5      | Learned a level 4 spell: Summon Ice Beast
  6263 | D:7      | Reached skill level 1 in Ice Magic
  6517 | D:7      | Noticed a hornet
  6523 | D:7      | Noticed a gargoyle
  6908 | D:7      | Reached skill level 9 in Summonings
  7070 | D:7      | Noticed a seven-headed hydra
  7887 | D:8      | Reached *** piety under Hepliaklqana
  7978 | D:8      | Noticed a two-headed ogre
  7996 | D:8      | Killed a two-headed ogre
  7997 | D:8      | Reached skill level 1 in Invocations
  7997 | D:8      | Reached XP level 9. HP: 67/67 MP: 0/15
  8558 | D:8      | Noticed a two-headed ogre
  8814 | D:8      | Killed a two-headed ogre
  8815 | D:8      | Reached skill level 10 in Summonings
  8908 | D:8      | Reached skill level 5 in Spellcasting
  9029 | D:8      | Reached XP level 10. HP: 40/74 MP: 11/17
  9038 | D:8      | Reached skill level 11 in Summonings
  9251 | D:8      | Learned a level 5 spell: Summon Mana Viper
  9284 | D:9      | Noticed a red ugly thing
  9291 | D:9      | Killed a red ugly thing
  9556 | D:9      | Noticed Pikel
  9577 | D:9      | Killed Pikel
  9651 | D:9      | Reached skill level 5 in Hexes
 10394 | D:9      | Found a staircase to the Lair.
 11056 | D:9      | Found Ytoahaqe's Antique Weapon Boutique.
 11064 | D:9      | Reached skill level 12 in Summonings
 11347 | D:9      | Reached **** piety under Hepliaklqana
 11351 | D:9      | Noticed Harold
 11375 | D:9      | Killed Harold
 11757 | D:10     | Entered Level 10 of the Dungeon
 11757 | D:10     | Found a flagged portal.
 11789 | D:10     | Reached XP level 11. HP: 54/81 MP: 12/20
 11955 | Bailey   | Entered a bailey
 12375 | Bailey   | Found a burning altar of Makhleb.
 12686 | D:3      | Bought Anuvefo's Papyrus of Companions for 380 gold pieces
 12691 | D:3      | Learned a level 4 spell: Summon Lightning Spire
 12828 | D:2      | Killed Sigmund
 13413 | D:6      | Found an opulent altar of Gozag.
 13413 | D:6      | Found a white marble altar of Elyvilon.
 13639 | D:7      | Killed a nine-headed hydra
 13833 | D:7      | Saving game... please wait.
 14100 | D:10     | Reached skill level 13 in Summonings
 14167 | D:10     | Got the Collected Works on Malediction and Feathers
 14657 | D:10     | Identified the +0 ring mail of the Comet {Stlth+}
 14709 | Lair:1   | Entered Level 1 of the Lair of Beasts
 14797 | Lair:1   | Reached skill level 5 in Invocations
 14939 | Lair:1   | Reached skill level 1 in Translocations
 15008 | Lair:1   | Noticed a death yak
 15187 | Lair:1   | Noticed a dire elephant
 15207 | Lair:1   | Killed a dire elephant
 15301 | Lair:1   | Noticed a death yak
 15301 | Lair:1   | Noticed a death yak
 15334 | Lair:1   | Killed a death yak
 15424 | Lair:1   | Learned a level 5 spell: Summon Forest
 15542 | Lair:1   | Noticed a catoblepas
 15544 | Lair:1   | Noticed a death yak
 15578 | Lair:1   | Killed a catoblepas
 15756 | Lair:1   | Killed a death yak
 15764 | Lair:1   | Killed a death yak
 15765 | Lair:1   | Reached XP level 12. HP: 74/90 MP: 6/22
 15765 | Lair:1   | Killed a death yak
 15766 | Lair:1   | Reached skill level 5 in Translocations
 16729 | Lair:2   | Reached ***** piety under Hepliaklqana
 17242 | Lair:2   | Noticed an eight-headed hydra
 17391 | Lair:2   | Reached skill level 14 in Summonings
 17666 | Lair:2   | Saving game... please wait.
 17966 | Lair:3   | Noticed an eight-headed hydra
 17976 | Lair:3   | Killed an eight-headed hydra
 17977 | Lair:3   | Reached skill level 1 in Dodging
 18711 | Lair:3   | Found a hole to the Spider Nest.
 19939 | Lair:4   | Reached skill level 10 in Fighting
 19939 | Lair:4   | Reached XP level 13. HP: 100/101 MP: 15/25
 20145 | Lair:4   | Reached skill level 5 in Dodging
 20407 | Lair:4   | Noticed Nessos
 20410 | Lair:4   | Reached skill level 1 in Evocations
 20418 | Lair:4   | Killed Nessos
 21252 | Lair:5   | Reached ****** piety under Hepliaklqana
 21469 | Lair:5   | Reached skill level 15 in Summonings
 21866 | Lair:5   | Saving game... please wait.
 21874 | Lair:5   | Learned a level 7 spell: Monstrous Menagerie
 22900 | Lair:6   | Entered Level 6 of the Lair of Beasts
 22919 | Lair:6   | Reached skill level 16 in Summonings
 23858 | Lair:6   | Found a runed translucent door.
 23858 | Lair:6   | Noticed Obially's ghost (journeyman GnFi)
 23982 | Lair:6   | Found a staircase to the Slime Pits.
 24164 | Lair:6   | Noticed Urug
 24874 | Lair:6   | Reached XP level 14. HP: 81/108 MP: 9/27
 26443 | Lair:6   | Found a corrupted altar of Lugonu.
 26443 | Lair:6   | Found a one-way gate to the infinite horrors of the Abyss.
 26599 | Lair:6   | Killed Urug
 27148 | Lair:2   | Reached skill level 17 in Summonings
 27436 | Lair:2   | Found a staircase to the Swamp.
 27571 | D:11     | Found a gate leading to a gauntlet.
 27580 | Gauntlet | Entered a Gauntlet
 27580 | Gauntlet | Found a transporter.
 27589 | Gauntlet | Found a transporter.
 27604 | Gauntlet | Found a transporter.
 27605 | Gauntlet | Found a transporter.
 27608 | Gauntlet | Noticed a quicksilver ooze
 27625 | Gauntlet | Found a transporter.
 27636 | Gauntlet | Found a runed translucent door.
 27638 | Gauntlet | Found a transporter.
 27642 | Gauntlet | Found a transporter.
 27646 | Gauntlet | Found a transporter.
 27651 | Gauntlet | Found a runed translucent door.
 27671 | Gauntlet | Found a transporter.
 27676 | Gauntlet | Found a transporter.
 27680 | Gauntlet | Found a transporter.
 27688 | Gauntlet | Found a transporter.
 27782 | Gauntlet | Saving game... please wait.
 27982 | Gauntlet | Identified the ring of the Leaf {Wiz rC+ Int+4}
 28181 | Gauntlet | Identified the +0 pair of gloves of Amexkuso {+Blink Will+}
 29605 | D:11     | Found a hazy altar of Hepliaklqana.
 29635 | D:11     | Identified the +1 robe of Glamorous Curiosity {Will- rCorr
                  | Dex+2}
 29923 | D:12     | Found a frozen archway.
 29996 | IceCv    | Entered an ice cave
 30513 | IceCv    | Reached skill level 10 in Spellcasting
 30640 | IceCv    | Reached skill level 1 in Necromancy
 30707 | IceCv    | Learned a level 5 spell: Borgnjor's Vile Clutch
 31170 | IceCv    | Noticed a reaper
 31236 | IceCv    | Killed a reaper
 31663 | IceCv    | Identified the ring of Starshine {Str+5 Dex+6}
 31825 | D:12     | Reached skill level 5 in Necromancy
 32508 | D:12     | Found a staircase to the Orcish Mines.
 33324 | D:13     | Reached skill level 1 in Earth Magic
 33858 | D:13     | Reached XP level 15. HP: 107/118 MP: 4/29
 34183 | D:13     | Reached skill level 5 in Earth Magic
 34651 | D:13     | Found a gate to the Vaults.
 34839 | D:13     | Saving game... please wait.
 34839 | D:13     | Upgraded the game from 0.28-a0-1387-g3a22ab9bdc to
                  | 0.28-a0-1389-gc726bef33b
 34839 | D:13     | Saving game... please wait.
 36436 | D:15     | Entered Level 15 of the Dungeon
 37250 | D:15     | Reached skill level 10 in Necromancy
 38325 | D:15     | Noticed Azrael
 38557 | D:15     | Reached XP level 16. HP: 126/128 MP: 14/30
 38751 | D:15     | Killed Azrael
 39249 | D:15     | Found a staircase to the Depths.
 39499 | Orc:1    | Entered Level 1 of the Orcish Mines
 39503 | Orc:1    | Noticed Josephine
 39510 | Orc:1    | Killed Josephine
 39694 | Orc:2    | Entered Level 2 of the Orcish Mines
 39694 | Orc:2    | Found a staircase to the Elven Halls.
 40233 | Orc:2    | Learned a level 6 spell: Death Channel
 40794 | Orc:2    | Found Enaessiq's Weapon Shoppe.
 41694 | Orc:2    | Found Salof's Distillery.
 41702 | Orc:2    | Bought a potion of lignification for 42 gold pieces
 41702 | Orc:2    | Bought a potion of haste for 140 gold pieces
 41702 | Orc:2    | Bought a potion of heal wounds for 70 gold pieces
 41702 | Orc:2    | Bought a potion of haste for 140 gold pieces
 41702 | Orc:2    | Bought a potion of resistance for 140 gold pieces
 41702 | Orc:2    | Found Fuhuel's Magic Scroll Boutique.
 41712 | Orc:2    | Found Ejempuah's Book Shoppe.
 41719 | Orc:2    | Bought a scroll of blinking for 90 gold pieces
 41719 | Orc:2    | Bought a scroll of magic mapping for 42 gold pieces
 41727 | Orc:2    | Bought a Grand Grimoire for 510 gold pieces
 41876 | Orc:1    | Killed Erolcha
 42069 | Orc:1    | Found Astiumoq's Book Shop.
 42312 | Orc:2    | Bought a scroll of summoning for 114 gold pieces
 42604 | D:3      | Bought a scroll of enchant armour for 75 gold pieces
 42604 | D:3      | Bought a scroll of enchant armour for 75 gold pieces
 42604 | D:3      | Bought a scroll of summoning for 95 gold pieces
 42827 | D:3      | Saving game... please wait.
 42838 | D:3      | Bought a ring of poison resistance for 260 gold pieces
 43092 | Swamp:1  | Entered Level 1 of the Swamp
 44968 | Swamp:1  | Saving game... please wait.
 45089 | Swamp:2  | Noticed a thorn hunter
 45099 | Swamp:2  | Killed a thorn hunter
 45251 | Swamp:2  | Noticed Aizul
 45270 | Swamp:2  | Killed Aizul
 47512 | Swamp:3  | Reached XP level 17. HP: 103/138 MP: 9/32
 47797 | Swamp:3  | Reached skill level 15 in Fighting
 47806 | Swamp:3  | Learned a level 8 spell: Summon Horrible Things
 48703 | D:15     | Saving game... please wait.
 49001 | D:15     | Reached skill level 10 in Dodging
 49290 | Spider:1 | Entered Level 1 of the Spider Nest
 50672 | Spider:1 | Reached skill level 18 in Summonings
 51464 | Spider:1 | Learned a level 7 spell: Malign Gateway
 51464 | Spider:1 | Saving game... please wait.
 53200 | Spider:2 | Saving game... please wait.
 54611 | Spider:4 | Entered Level 4 of the Spider Nest
 55147 | Spider:3 | Noticed Roxanne
 55579 | Spider:3 | Found a runed translucent door.
 55581 | Spider:3 | Noticed rogsnak's ghost (adept DsAE)
 56009 | Lair:6   | Killed Obially's ghost
 56087 | Lair:6   | Saving game... please wait.
 56087 | Lair:6   | Upgraded the game from 0.28-a0-1389-gc726bef33b to
                  | 0.28-a0-1395-g4f6bc678fa
 56319 | Swamp:4  | Entered Level 4 of the Swamp
 56457 | Swamp:4  | Reached XP level 18. HP: 130/146 MP: 9/34
 56961 | Swamp:4  | Reached skill level 19 in Summonings
 57813 | Swamp:4  | Got a decaying rune of Zot
 58022 | Swamp:4  | Saving game... please wait.
 58403 | Spider:4 | Noticed Arachne
 58411 | Spider:4 | Killed Arachne
 59222 | Spider:4 | Identified the +0 helmet of the Shining One's Hope {Fly
                  | rF+}
 59910 | Spider:4 | Got a gossamer rune of Zot
 60245 | Elf:1    | Entered Level 1 of the Elven Halls
 60471 | Elf:1    | Found Qaeggyt's Armour Shoppe.
 60531 | Elf:1    | Noticed Jorgrun
 60549 | Elf:1    | Killed Jorgrun
 60614 | Elf:1    | Found Zufockuzoj's Magic Scroll Shoppe.
 60618 | Elf:1    | Found Kugum's Book Emporium.
 60689 | Elf:1    | Bought a scroll of blinking for 112 gold pieces
 60689 | Elf:1    | Bought a scroll of fear for 52 gold pieces
 60700 | Elf:1    | Identified the +9 trident of the Puffin {freeze, rF- Dex+4}
 60702 | Elf:1    | Found Sutem's Antique Armour Emporium.
 60721 | Elf:1    | Reached XP level 19. HP: 156/156 MP: 31/36
 60744 | Elf:1    | Bought an embroidered cloak for 202 gold pieces
 60759 | Elf:1    | Bought a pair of runed boots for 202 gold pieces
 61292 | Elf:1    | Found Nuucoetz's Armour Shoppe.
 61296 | Elf:1    | Paralysed by an air elemental for 1 turns
 63086 | Elf:2    | Reached skill level 20 in Summonings
 63821 | Elf:2    | Found a runed translucent gate.
 63822 | Elf:2    | Found a runed translucent gate.
 63822 | Elf:2    | Found a runed translucent gate.
 63927 | Elf:2    | Saving game... please wait.
 64079 | Vaults:1 | Entered Level 1 of the Vaults
 64079 | Vaults:1 | Saving game... please wait.
 64079 | Vaults:1 | Saving game... please wait.
 64815 | Vaults:1 | Found Eqegoedgh's Antique Weapon Shop.
 65455 | Orc:2    | Bought a book of the Dragon for 690 gold pieces
 65772 | Orc:2    | Learned a level 7 spell: Summon Hydra
 66061 | Vaults:1 | Identified the +11 rapier of World Downfall {vamp, Dex+3}
 66126 | Vaults:1 | Reached skill level 21 in Summonings
 66134 | Vaults:1 | Reached XP level 20. HP: 165/165 MP: 6/38
 66750 | Vaults:1 | Learned a level 9 spell: Dragon's Call
 67622 | Vaults:2 | Found a staircase to the Crypt.
 67688 | Vaults:2 | Reached skill level 22 in Summonings
 68693 | Vaults:2 | Found Wetwerem's Antique Armour Shop.
 68701 | Vaults:2 | Bought a glowing cloak for 262 gold pieces
 68738 | Vaults:2 | Got The Last Secrets of Thaumaturgy
 69256 | Vaults:2 | Reached skill level 23 in Summonings
 70368 | Vaults:2 | Saving game... please wait.
 70368 | Vaults:2 | Upgraded the game from 0.28-a0-1395-g4f6bc678fa to
                  | 0.28-a0-1404-g4df0f3684d
 70634 | Vaults:3 | Reached skill level 5 in Evocations
 71012 | Vaults:3 | Noticed Sojobo
 71022 | Vaults:3 | Killed Sojobo
 71023 | Vaults:3 | Reached XP level 21. HP: 111/174 MP: 1/39
 71930 | Vaults:3 | Noticed an ancient lich
 71936 | Vaults:3 | Killed an ancient lich
 71942 | Vaults:3 | Noticed Mara
 71943 | Vaults:3 | wtf
 71943 | Vaults:3 | where
 71944 | Vaults:3 | Noticed ardl's illusion
 71944 | Vaults:3 | cool
 71946 | Vaults:3 | Killed Mara
 72207 | Vaults:3 | Identified the +3 pair of gloves "Eciehoof" {Contam Will+
                  | Int+9 Dex+3}
 72209 | Vaults:3 | lmao damn
 72848 | Vaults:4 | Noticed Frederick
 73278 | Vaults:4 | Found a flickering gateway to a bazaar.
 73315 | Bazaar   | Entered a bazaar
 73335 | Bazaar   | Found Waep's Jewellery Shop.
 73355 | Bazaar   | Found Susu's Antique Armour Shop.
 73363 | Bazaar   | Bought a spiked buckler for 228 gold pieces
 73363 | Bazaar   | Identified the +1 buckler "Qontolem" {Fly rN+ Will++} (You
                  | bought it in a shop in a bazaar)
 73374 | Bazaar   | Bought a runed hat for 168 gold pieces
 73518 | Vaults:4 | Found a crumbling gateway.
 73527 | Desolati | Entered the Desolation of Salt
 73725 | Desolati | Got Sif Muna's Grimoire of Unstable Unholy Rites
 73735 | Desolati | Identified the +6 flail "Husaq" {flame, Fly rElec rN++
                  | Dex-4}
 73736 | Desolati | Identified the ring "Bahep" {rF+ rC++}
 74148 | Desolati | Identified the +0 leather armour "Lezong" {rC+ Str+3 Int+2
                  | Dex-2}
 74149 | Desolati | Identified the ring "Tewniuj" {Ice Will+ Str+2 Int-3
                  | Stlth+}
 74151 | Desolati | Got the Volume of the Traveller and Fire
 74155 | Desolati | Identified the ring "Oxaner" {rPois Will+ Int+6}
 74446 | Desolati | Got Xaraexat's Compendium of the Snowflakes and Arcane
                  | Weapons
 75467 | Desolati | Got the Compendium of Igneous Malediction
 75516 | Desolati | Identified the +2 hand crossbow of Nalig {flame, Fly}
 75538 | Desolati | Identified the +9 broad axe "Beetleslayer" {vorpal, Will+}
 75555 | Desolati | Identified the +7 hand axe "Arcanum" {drain, rF+ rN+ rCorr
                  | Int+4}
 76531 | Vaults:4 | Reached XP level 22. HP: 184/188 MP: 17/40
 76896 | Vaults:4 | Killed Frederick
 77413 | Vaults:4 | Saving game... please wait.
 77634 | Depths:1 | Entered Level 1 of the Depths
 77676 | Depths:1 | Learned a level 2 spell: Sublimation of Blood
 77685 | Depths:1 | Found a gateway to Hell.
 78138 | Depths:1 | Found a corrupted altar of Lugonu.
 78322 | Depths:1 | Found a bloodstained altar of Trog.
 78521 | Depths:1 | Identified the +7 hand axe of Hiujaeg {protect, rElec rC++}
 78614 | Depths:2 | Found a one-way gate leading to the halls of Pandemonium.
 78767 | Depths:2 | Found a one-way gateway to a ziggurat.
 79964 | Depths:2 | Found a shimmering blue altar of Sif Muna.
 80027 | Depths:2 | Reached skill level 24 in Summonings
 80513 | Crypt:1  | Entered Level 1 of the Crypt
 80848 | Crypt:1  | Reached skill level 5 in Short Blades
 84742 | Crypt:2  | Saving game... please wait.
 84743 | Crypt:3  | Entered Level 3 of the Crypt
 84767 | Crypt:3  | Noticed Margery
 84770 | Crypt:3  | Reached skill level 10 in Short Blades
 84774 | Crypt:3  | Killed Margery
 85325 | Crypt:3  | Found a staircase to the Tomb.
 85410 | Crypt:3  | Reached skill level 10 in Invocations
 85410 | Crypt:3  | Reached XP level 23. HP: 193/193 MP: 27/41
 87091 | Crypt:3  | Reached skill level 5 in Shields
 87939 | Crypt:3  | Got the Catalogue of Dark Magic
 88626 | Crypt:3  | Identified the +11 arbalest of Zealous Valiance {elec,
                  | Dex+4}
 88646 | Crypt:3  | Saving game... please wait.
 88646 | Crypt:3  | Upgraded the game from 0.28-a0-1404-g4df0f3684d to
                  | 0.28-a0-1412-gf95308ed99
 88655 | Crypt:3  | Learned a level 7 spell: Haunt
 88931 | Elf:3    | Entered Level 3 of the Elven Halls
 89087 | Elf:3    | Paralysed by an air elemental for 1 turns
 89089 | Elf:3    | Paralysed by an air elemental for 1 turns
 89093 | Elf:3    | Paralysed by an air elemental for 1 turns
 89096 | Elf:3    | Paralysed by an air elemental for 1 turns
 89101 | Elf:3    | Paralysed by an air elemental for 1 turns
 89105 | Elf:3    | Paralysed by an air elemental for 1 turns
 89109 | Elf:3    | Paralysed by an air elemental for 1 turns
 90911 | Elf:3    | Identified the ring of Xous {MP+9 Str+6}
 90949 | Elf:3    | Identified the ring "Hyom" {+Blink rN+ Str+6 Int+4 Slay+4}
 91496 | Elf:3    | Identified the ring "Buisu" {rPois Dex+6}
 91642 | Elf:3    | Got the Catalogue of Ignition
 91744 | Elf:3    | Found the +2 cloak of the Thief {*Fog Slay-2 SInv Stlth+}
 91754 | Elf:3    | Got the Disquisition on Destructive Shape Shifting
 91760 | Elf:3    | Got the Disquisition on Lightness
 91766 | Elf:3    | Got the Grimoire of Ashen Intoxication
 91799 | Elf:3    | Saving game... please wait.
 92311 | Depths:3 | Reached skill level 25 in Summonings
 92905 | Depths:3 | Found Kagenn's Antique Weapon Emporium.
 93020 | Depths:3 | Found a stormy altar of Qazlal.
 93426 | Depths:3 | Found the +2 hood of the Assassin {Detection Stab+ Stlth++}
 93428 | Depths:3 | Found a shadowy altar of Dithmenos.
 93584 | Depths:3 | Identified the +0 shadow dragon scales of Contumacious Joy
                  | {Harm Fly Dex+4 Stlth++++}
 93757 | Depths:3 | Reached XP level 24. HP: 205/205 MP: 1/41
 94033 | Depths:3 | Reached skill level 15 in Necromancy
 94324 | Depths:4 | Entered Level 4 of the Depths
 95145 | Depths:4 | Found Loifinen's Mayhem Merchandise.
 95687 | Depths:4 | Found a gate to the Realm of Zot.
 95997 | Depths:4 | Saving game... please wait.
 95997 | Depths:4 | Upgraded the game from 0.28-a0-1412-gf95308ed99 to
                  | 0.28-a0-1567-g1695149f81
 96344 | Spider:3 | Killed Roxanne
 96528 | Spider:3 | Killed rogsnak's ghost
 96973 | Crypt:2  | Identified the +6 glaive of Akoos {protect, rElec}
 97003 | Crypt:2  | Saving game... please wait.
 97149 | Vaults:4 | You fall into a shaft and drop 1 floor!
 97149 | Vaults:5 | Entered Level 5 of the Vaults
 97403 | Vaults:5 | Killed a dread lich
 97746 | Vaults:5 | Reached skill level 10 in Shields
 97756 | Vaults:5 | Noticed a dread lich
 97760 | Vaults:5 | Killed a dread lich
 98002 | Vaults:5 | Noticed a dread lich
 98016 | Vaults:5 | Killed a dread lich
 98235 | Vaults:5 | Saving game... please wait.
 98435 | Vaults:5 | Reached XP level 25. HP: 169/211 MP: 23/41
 98967 | Vaults:5 | Noticed a dread lich
 98977 | Vaults:5 | Killed a dread lich
 99036 | Vaults:5 | Reached skill level 26 in Summonings
 99081 | Vaults:5 | Noticed an ancient lich
 99087 | Vaults:5 | Killed an ancient lich
 99345 | Vaults:5 | Got a silver rune of Zot
 99429 | Vaults:5 | Found Tunublo's Book Shoppe.
 99483 | Vaults:5 | Identified the +5 great sword of Due Proportion {holy,
                  | Stlth+}
 99630 | Vaults:5 | Identified the +5 dagger of a wizard's laboratory {drain,
                  | rF+ Int-5 Dex+3}
 99962 | Vaults:5 | Noticed Jory
 99972 | Vaults:5 | Killed Jory
100700 | Zot:1    | Entered Level 1 of the Realm of Zot
100733 | Zot:1    | Found the +6 lightning scales {swift, rElec}
100893 | Zot:1    | Identified the +3 troll leather armour "Jeorcha" {Regen+
                  | Int+2}
100931 | Zot:2    | Reached skill level 15 in Spellcasting
101105 | Zot:2    | Reached skill level 27 in Summonings
102898 | Zot:4    | Reached XP level 26. HP: 103/219 MP: 10/43
103805 | Zot:4    | Learned a level 8 spell: Borgnjor's Revivification
103958 | Zot:5    | Entered Level 5 of the Realm of Zot
104189 | Zot:5    | Noticed a dread lich
104189 | Zot:5    | Noticed an orb of fire
104189 | Zot:5    | Noticed a dread lich
104251 | Zot:5    | Killed an orb of fire
104533 | Zot:5    | Noticed an orb of fire
104536 | Zot:5    | Gained mutation: You sometimes lose the ability to read
                  | scrolls when taking damage. [an orb of fire]
104547 | Zot:5    | Killed an orb of fire
104647 | Zot:5    | Noticed an orb of fire
104649 | Zot:5    | Lost mutation: You sometimes lose the ability to read
                  | scrolls when taking damage. [potion of mutation]
104649 | Zot:5    | Gained mutation: Your spells are a little harder to cast,
                  | but a little more powerful. [potion of mutation]
104668 | Zot:5    | Killed an orb of fire
104997 | Zot:5    | Noticed an ancient lich
105005 | Zot:5    | Killed an ancient lich
105034 | Zot:5    | Killed a dread lich
105420 | Zot:5    | Got the Orb of Zot
105453 | Zot:5    | Noticed Lazxudewk the pandemonium lord
105783 | D:15     | Noticed Valosa the pandemonium lord
106110 | D:$      | Escaped with the Orb!

Illustrated notes # ######## # +.RDDD@# # #.pc#DR# # #. #.J #..# # #. #. #..# # #..##+##..# # #..#[[)#..# # #..#####..# # #.........# # #.........# Turn 71943 on Vaults:3: wtf # ######## # +@RDDD@# # #.pc#D.# # #. #.J #R.# # #. #. #..# # #..##+##..# # #..#[[)#..# # #..#####..# # #.........# # #.........# Turn 71944 on Vaults:3: cool

#........# #........#
#... ....
#########+#++##########
......................#.
......................'.
......................#
......................#
...............R@.....#
#################.....#
#.....# # #.....# ##
#.....# .## #.....#
##### ..##
##########.....# #...#
...## #........#.....#
##.## ....##
#........#.....# #...#


Turn 72209 on Vaults:3: lmao damn

Levels and vault maps discovered:
D:1:      lightli_arrival_farm, layout_basic
D:2:      layout_basic, nicolae_ecumenical_lake_church, dk_noncrumbling_4,
          uniq_sigmund
D:3:      layout_basic, serial_shops, nicolae_shop_advertising_works
          [nicolae_subvault_shop_adworks], nicolae_shop_behind_doors, shop,
          nicolae_shop_behind_doors, shop_fountains
D:4:      layout_cave_pods, minmay_temple_entry_mist, minmay_misc_feat_encased
D:5:      layout_gridville, nicolae_overflow_hidden_temple
D:6:      layout_gridville, minitemple
D:7:      layout_loops_ring
D:8:      layout_gridville, grunt_livestock, due_unseen_surprise
D:9:      layout_basic, erik_lair_island, roderic_roman_lattice,
          nicolae_stop_n_shop_1, uniq_harold, uniq_pikel
D:10:     layout_rooms, enter_bailey_5, corner_web_ring, serial_bayou_pond_e,
          nicolae_sextant
D:11:     layout_cross, gauntlet_entry_generic, nicolae_hepliaklqana_hazy_memory
D:12:     dreamdust_isle_of_ice, layout_long_grid, orc_0_dummy,
          portal_ice_cave_entry_pillars_2
D:13:     layout_loops_corners, david_vaults_4, onia_ninara_cookie
D:14:     layout_basic
D:15:     hangedman_depths_entry_civil_slaughter, layout_stronghold,
          hangedman_abyss_or_decor_lesser_grid, serial_undead, serial_undead_a,
          serial_undead_c, serial_undead_d, serial_undead_d, serial_undead_e,
          serial_undead_d, serial_undead_e, minivault_27, dk_noncrumbling_2,
          uniq_azrael
Temple:   eino_temple_rhombus
Lair:1:   layout_cave_shapes, nicolae_lair_grazing_beasts
          [nicolae_sub_lair_graze_edge, nicolae_sub_lair_graze_edge,
          nicolae_sub_lair_graze_edge, nicolae_sub_lair_graze_edge],
          serial_bayou_shore_a
Lair:2:   layout_roguey, palyth_hydra_swamp_entry, st_stairs_8,
          cheibrodos_lair_reptile_den, infiniplex_staircase_pool
Lair:3:   layout_regular_city, spider_nest_entry_rubble,
          nicolae_quartered_pool_little, grunt_megastairs_4
Lair:4:   layout_loops_ring, uniq_nessos
Lair:5:   layout_regular_city
Lair:6:   hellmonk_lair_end_abyssal_woods, layout_regular_city,
          minmay_slime_entry_eyes, hellmonk_ghost_happy_afterlife, uniq_urug
Swamp:1:  layout_falls_marsh, evilmike_swamp_ruin_house_5, swamp_pool2,
          hangedman_swamp_dais
Swamp:2:  cheibrodos_swamp_tower_of_moss, layout_falls_marsh,
          evilmike_swamp_ruin_rubble_1, swamp_pool1,
          nicolae_swamp_soggy_hallways, uniq_aizul
Swamp:3:  layout_basic_swamp, evilmike_swamp_ruin_house_4
Swamp:4:  swamp_alternative, layout_basic_swamp, infiniplex_staircase_pool_2
Spider:1: layout_chambers
Spider:2: layout_spider_delve, hangedman_spider_tarantella_strand
Spider:3: layout_cave_pods, ebering_ghost_reflecting_pool, uniq_roxanne
Spider:4: grunt_spider_rune_parallel, nicolae_spider_acid_house, uniq_arachne
Orc:1:    layout_diamond_mine, serial_shops, nicolae_shop_stone, uniq_josephine,
          uniq_erolcha
Orc:2:    st_orc_elflike, layout_caves, basic_altar
Elf:1:    elf_arrival_002, layout_geoelf_grid, serial_shops,
          nicolae_shop_waterfront, shop, hangedman_elf_represent,
          minmay_shop_star, uniq_jorgrun
Elf:2:    nicolae_elf_blades_crystal_corner, layout_loops_cross, evilmike_ambush
          [evilmike_ambush_outer_basic, evilmike_ambush_inner_basic]
Elf:3:    minmay_elf_hall_spiked, layout_geoelf_castle
Vaults:1: nicolae_vaults_network_quincunx
          [nicolae_vaults_network_quincunx_subvault,
          nicolae_vaults_network_quincunx_subvault,
          nicolae_vaults_network_quincunx_subvault,
          nicolae_vaults_network_quincunx_subvault,
          nicolae_vaults_network_quincunx_subvault],
          nicolae_vaults_network_periphery, hangedman_vaults_maws,
          grunt_vaults_funnel, hangedman_vaults_nodes, nicolae_vaults_rhombus_5,
          hangedman_vaults_corner, vaults_room_stairs_pillars,
          layout_vaults_big_room, serial_shops, shop
Vaults:2: nicolae_vaults_twisting_passages, hangedman_vaults_nails, v_misc_32,
          hangedman_vaults_stream, vaults_mumra_hex, hangedman_vaults_capsules,
          vaults_dpeg_diagonal, ontoclasm_vaults_ligature, vaults_dpeg_ring,
          layout_vaults_omnigrid, serial_shops, shop
Vaults:3: vaults_mumra_chevron, v_rooms_2, hangedman_vaults_variations,
          nicolae_vaults_display_case, vaults_mumra_lcd,
          nicolae_vaults_diagonal_hallway_6, nicolae_vaults_rhombus_5,
          v_misc_18, nicolae_vaults_border_crossing, layout_vaults_ring,
          uniq_sojobo, uniq_mara
Vaults:4: portal_desolation_entry_ruin, vaults_dpeg_cross, vaults_room_grid,
          vaults_room_octagon, ontoclasm_vaults_misaligned,
          nicolae_vaults_network_barrier, vaults_room_semicircle,
          nicolae_vaults_stairing_the_circle, ontoclasm_vaults_pinch,
          ontoclasm_vaults_ring_small, nicolae_vaults_quadrants,
          nicolae_vaults_ninety_degrees, ontoclasm_vaults_decontamination,
          hangedman_vaults_hat, ontoclasm_vaults_ring_large, layout_vaults_maze,
          serial_shops, bzr_entry_gold, uniq_frederick
Vaults:5: serial_shops, uniq_jory
Crypt:1:  layout_gridlike
Crypt:2:  statuecave_lemuel, layout_basic, minmay_guarded_unrand_curses,
          grunt_megastairs_1
Crypt:3:  due_elkab, layout_chaotic_city, tomb_entry_shell_bobbens,
          minivault_24, serial_sigils_hangedman_carve, uniq_margery
Depths:1: layout_gridlike, abyss_entry_flame_altar, hangedman_decor_push,
          hell_entry, bloody_trog, grunt_megastairs_2
Depths:2: minmay_bubble_buster, layout_small_grid, enter_ziggurat_f,
          grunt_mini_vestibule, abyss_entry, serial_sigils_hangedman_confine,
          pan_entry, hex_large, chequers_serial_rivers_large_a, led_sif_pool
Depths:3: regret_index_dithmenos_brocken_genspenst, layout_gridlike,
          grunt_qazlal_clouds, serial_shops, nicolae_shop_window_shopping,
          abyss_entry_glasseish, pf_vacation_house_of_asmodeus,
          kennysheep_random_hallway, infiniplex_staircase_star
Depths:4: grunt_zot_entry_pinwheel, layout_cave_pools, serial_sigils,
          serial_sigils_hangedman_quiver, serial_sigils_hangedman_scratch,
          serial_sigils_hangedman_stare, serial_sigils_hangedman_shear,
          hell_entry, minmay_misc_feat_plants, minmay_shop_mayhem
Zot:1:    kennysheep_oblong_rooms, layout_gridlike, hangedman_zot_spectrum
Zot:2:    layout_concentric_octagons
Zot:3:    layout_basic
Zot:4:    grunt_twist_and_shout, layout_cathedral_of_symmetry,
          grunt_ministairs_12
Zot:5:    layout_misc_corridors

Skill      XL: |  1  2  3  4  5  6  7  8  9 10 11 12 13 14 15 16 17 18 19 20 21 22 23 24 25 26 |
---------------+-------------------------------------------------------------------------------+-----
Fighting       | 2 3 4 5 6 8 10 12 13 14 15 16 17 18 20 21 | 21.0
Summonings     | 2 3 4 5 7 9 10 12 13 14 16 17 18 19 21 23 24 25 27 | 27.0
Spellcasting   | 2 4 5 6 7 8 9 10 11 12 13 14 16 | 16.5
Stealth        | 3 |  3.0
Ice Magic      | 4 |  4.0
Invocations    | 1 2 6 8 9 10 | 10.0
Hexes          | 5 |  5.0
Translocations | 4 5 8 |  8.0
Shields        | 3 4 5 12 | 12.0
Dodging        | 4 5 6 9 10 11 12 13 14 | 14.9
Evocations     | 4 7 |  7.0
Necromancy     | 6 10 12 14 16 20 | 20.0
Earth Magic    | 2 6 |  6.0
Short Blades   | 10 | 10.0
Crossbows      | |  1.7

Action                   |  1- 3 |  4- 6 |  7- 9 | 10-12 | 13-15 | 16-18 | 19-21 | 22-24 | 25-27 || total
-------------------------+-------+-------+-------+-------+-------+-------+-------+-------+-------++-------
Melee: Short sword       |    90 |    30 |       |       |       |       |       |       |       ||   120
       Tailslap          |    10 |     4 |    10 |    13 |    13 |    21 |    22 |    27 |    52 ||   172
       War axe           |       |    50 |    49 |    88 |    79 |   108 |    80 |    84 |    10 ||   548
       Dagger            |       |       |       |       |       |       |       |       |   165 ||   165
Throw: Dart              |       |     2 |     3 |       |     8 |     2 |       |       |       ||    15
 Cast: Summon Small Mamm |       |    25 |    23 |     4 |       |       |       |       |       ||    52
       Call Canine Famil |       |    13 |    26 |    39 |    27 |     3 |       |       |       ||   108
       Summon Ice Beast  |       |       |     7 |    36 |    17 |       |       |       |       ||    60
       Summon Mana Viper |       |       |       |    73 |    76 |    85 |    25 |    26 |     2 ||   287
       Summon Lightning  |       |       |       |     8 |     3 |       |       |       |       ||    11
       Summon Forest     |       |       |       |     6 |    17 |       |       |       |       ||    23
       Monstrous Menager |       |       |       |       |   228 |   282 |    61 |       |       ||   571
       Borgnjor's Vile C |       |       |       |       |     6 |    23 |    73 |    79 |    62 ||   243
       Death Channel     |       |       |       |       |       |    23 |     9 |    15 |    11 ||    58
       Summon Horrible T |       |       |       |       |       |    11 |    16 |    20 |    23 ||    70
       Malign Gateway    |       |       |       |       |       |     8 |    16 |     5 |     2 ||    31
       Summon Hydra      |       |       |       |       |       |       |    63 |   169 |       ||   232
       Dragon's Call     |       |       |       |       |       |       |    36 |    21 |     3 ||    60
       Sublimation of Bl |       |       |       |       |       |       |       |     4 |    16 ||    20
       Haunt             |       |       |       |       |       |       |       |    86 |    74 ||   160
Invok: Ancestor Identity |       |     1 |       |       |       |       |       |       |       ||     1
       Ancestor Life: Kn |       |       |     1 |       |       |       |       |       |       ||     1
       Recall Ancestor   |       |       |     3 |    12 |    16 |    18 |    16 |    38 |    15 ||   118
       Transference      |       |       |       |     2 |     3 |     2 |     2 |     2 |     1 ||    12
       Idealise          |       |       |       |       |     2 |     5 |     5 |     8 |     5 ||    25
 Abil: Breathe Steam     |       |       |    10 |     2 |    12 |     3 |     2 |       |       ||    29
Evoke: Wand              |       |       |       |       |     2 |       |     9 |     5 |     6 ||    22
       Condenser vane    |       |       |       |       |       |       |       |       |     1 ||     1
  Use: Scroll            |       |     1 |    12 |     4 |    13 |     8 |    11 |     9 |    12 ||    70
       Potion            |       |       |       |     2 |     2 |     2 |     1 |     4 |    14 ||    25
 Stab: Distracted        |       |     2 |     2 |     4 |     2 |     1 |     2 |       |     7 ||    20
       Sleeping          |       |       |     1 |     2 |     1 |     1 |       |     1 |     4 ||    10
       Paralysed         |       |       |       |       |     2 |     1 |       |       |       ||     3
Armor: Skin              |    24 |    23 |    14 |    80 |    84 |   134 |    83 |    87 |    55 ||   584
Dodge: Dodged            |    48 |    50 |    38 |   102 |   136 |   240 |   163 |   184 |   118 ||  1079
Block: Buckler           |       |       |       |     7 |    37 |    79 |    44 |    47 |       ||   214
       Reflection        |       |       |       |       |       |     1 |     5 |       |       ||     6
       Kite shield       |       |       |       |       |       |       |       |    23 |   112 ||   135

Table legend: (Time is in decaauts)
 A = Elapsed time spent in this place.
 B = Non-inter-level travel time spent in this place.
 C = Inter-level travel time spent in this place.
 D = Time resting spent in this place.
 E = Time spent auto-exploring this place.
 F = Levels seen in this place.
 G = Mean time per level.
                   A        B        C        D        E       F      G
               +--------+--------+--------+--------+--------+-----+--------+
         Total | 106877 |  98814 |   8063 |  40952 |  41037 |  57 | 1875.0 |
       Dungeon |  26540 |  23194 |   3346 |   7730 |  12150 |  15 | 1769.3 |
        Temple |    213 |    169 |     44 |      0 |    156 |   1 |  213.0 |
          Lair |  14177 |  12900 |   1277 |   4752 |   6451 |   6 | 2362.8 |
         Swamp |   7521 |   7219 |    302 |   3000 |   3303 |   4 | 1880.2 |
   Spider Nest |   8310 |   7667 |    643 |   3086 |   3369 |   4 | 2077.5 |
  Orcish Mines |   3577 |   3207 |    370 |   1679 |   1025 |   2 | 1788.5 |
   Elven Halls |   6604 |   6350 |    254 |   3105 |   1780 |   3 | 2201.3 |
        Vaults |  14291 |  13499 |    792 |   6132 |   4773 |   5 | 2858.2 |
         Crypt |   8475 |   8087 |    388 |   3489 |   3283 |   3 | 2825.0 |
        Depths |   7045 |   6554 |    491 |   2987 |   2606 |   4 | 1761.2 |
           Zot |   4818 |   4666 |    152 |   2120 |   1070 |   5 |  963.6 |
        Bazaar |     76 |     76 |      0 |      0 |     44 |   1 |   76.0 |
        Bailey |    542 |    542 |      0 |    290 |     40 |   1 |  542.0 |
      Ice Cave |   1721 |   1721 |      0 |    979 |    389 |   1 | 1721.0 |
    Desolation |   2070 |   2070 |      0 |   1103 |    439 |   1 | 2070.0 |
      Gauntlet |    889 |    889 |      0 |    497 |    156 |   1 |  889.0 |
               +--------+--------+--------+--------+--------+-----+--------+

Top non-repeatable levels by time:
  Lair:6: 4151 daAuts
 Crypt:3: 3791 daAuts
    D:15: 3658 daAuts
Vaults:2: 3456 daAuts
Vaults:5: 3245 daAuts
 Crypt:2: 3177 daAuts
   Elf:3: 2933 daAuts
Vaults:3: 2893 daAuts
Spider:3: 2852 daAuts
   Orc:2: 2828 daAuts
     D:9: 2755 daAuts
 Swamp:2: 2613 daAuts
Vaults:1: 2456 daAuts
Depths:3: 2394 daAuts
    D:13: 2331 daAuts
